 Dungeon Crawl Stone Soup version 0.29.1-15-g9cfb28693d (webtiles) character file.

Game seed: 6381715291712971763

36 safid the Chiller (level 3, -4/26 HPs)
             Began as a Merfolk Ice Elementalist on Apr 10, 2023.
             Slain by a goblin
             ... wielding a +0 club
             ... led by Robin
              (5 damage)
             ... on level 2 of the Dungeon.
             The game lasted 00:02:26 (1062 turns).

safid the Chiller (Merfolk Ice Elementalist)        Turns: 1062, Time: 00:02:27

Health: -4/26      AC:  2    Str:  8    XL:     3   Next: 37%
Magic:  1/6        EV: 12    Int: 16    God:
Gold:   74         SH:  0    Dex: 14    Spells: 6/7 levels left

rFire   . . .      SeeInvis +   e - +0 short sword
rCold   . . .      Faith    .   (no shield)
rNeg    . . .      Spirit   .   a - +0 robe
rPois   .          Reflect  .   (no helmet)
rElec   .          Harm     .   (no cloak)
rCorr   .          Rampage  .   (no gloves)
Will    .....                   (no boots)
Stlth   ++........              (no amulet)
HPRegen 0.08/turn               m - ring of see invisible
MPRegen 0.10/turn               g - ring of flight

@: flying
A: (nimble swimmer 2), mertail
a: no special abilities


You were on level 2 of the Dungeon.
You visited 1 branch of the dungeon, and saw 2 of its levels.

You collected 74 gold pieces.

Inventory:

Hand Weapons
 e - a +0 short sword (weapon)
Armour
 a - a +0 robe (worn)
Jewellery
 g - a ring of flight (right hand)
 m - a ring of see invisible (left hand)
Scrolls
 d - a scroll of identify
 h - a scroll of amnesia
 j - a scroll of blinking {unknown}
Potions
 b - a potion of magic
 c - a potion of lignification {unknown}
 i - a potion of mutation {unknown}
 k - a potion of cancellation {unknown}
 l - a potion of degeneration {unknown}


   Skills:
 + Level 1.6 Fighting
 - Level 2.6 Dodging
 - Level 2.1 Stealth
 + Level 2.5 Spellcasting
 + Level 4.8 Ice Magic


You had 6 spell levels left.
You knew the following spells:

 Your Spells              Type           Power      Damage    Failure   Level
a - Freeze                Ice            68%        1d8       2%          1

Your spell library contained the following spells:

 Spells                   Type           Power      Damage    Failure   Level
 Frozen Ramparts          Ice            34%        1d6       9%          3
 Ozocubu's Armour         Ice            17%        N/A       9%          3
 Sublimation of Blood     Necr           2%         N/A       30%         2
 Hailstorm                Conj/Ice       9%         3d4       58%         4
 Petrify                  Tmut/Erth      2%         N/A       89%         4
 Irradiate                Conj/Tmut      1%         3d12      99%         5


Dungeon Overview and Level Annotations

Branches:
Dungeon (2/15)

Altars:

Annotations:
D:2 Robin


Innate Abilities, Weirdness & Mutations

((You are very nimble when in or above water. (Stealth+, EV+, Speed+++)))
Your lower body shifts to a powerful aquatic tail in water.


Message History

Aiming: Freeze (safe; 2% risk of failure)
Press: ? - help, Shift-Dir - straight line, f - goblin
Aim: a goblin, wielding a +0 dagger You freeze the goblin.
The goblin is heavily wounded.
A nearby plant withers and dies.
The bat hits you but does no damage. The goblin hits you with a +0 club.
The goblin hits you with a +0 dagger.
Casting: Freeze (safe; 2% risk of failure)
Confirm with . or Enter, or press ? or * to list all spells.
Aiming: Freeze (safe; 2% risk of failure)
Press: ? - help, Shift-Dir - straight line, f/p - goblin
Aim: a goblin, wielding a +0 dagger (heavily wounded)
You freeze the goblin.
You kill the goblin!
The bat barely misses you. The goblin barely misses you.
Robin roars a battlecry!
The goblins go into a battle-frenzy!
You hear a shout!
You barely miss the goblin.
The goblin is moderately wounded.
The bat hits you but does no damage. The goblin hits you with a +0 dagger.
* * * LOW HITPOINT WARNING * * *
The bat barely misses you. The goblin barely misses you.
Unknown command.
You hit the goblin.
You kill the goblin!
The bat hits you.
* * * LOW HITPOINT WARNING * * *
The goblin closely misses you.
Unknown command.
As you read the scroll labelled QAIXYNUUFU, it crumbles to dust.
It is a scroll of identify.
h - a scroll of amnesia The goblin completely misses you.
The goblin hits the plant with a +0 club.
The plant begins to die.
The goblin hits you with a +0 dagger.
* * * LOW HITPOINT WARNING * * *
The goblin hits the plant with a +0 club.
Robin throws the goblin at you! The goblin hits you with a +0 club.
You die...

gg..♣.§§P§♣~♣.~....♣♣♣♣
♣.
....§§P§.§§.$...P.♣.♣.♣♣g
....§§..........PP.P .
♣.g..§§....♣P..PP♣P♣
♣...P....♣♣♣...P♣.♣♣
♣♣♣.g..♣♣♣P......♣.♣♣ ♣
♣.♣gg♣♣........♣P..♣♣P
♣♣.♣g♣P.†P.....P♣P..♣.
P..♣♣@♣P.........P♣...
..♣.♣♣.gP.♣...........P.
.P♣
[♣♣..♣..♣♣............ .
.♣♣PP.♣.♣♣.............
.♣♣.♣.PP.♣..♣..........P
♣. ♣♣.♣♣.P.♣♣...P........
P.♣.♣..♣.......P..P.P
♣.♣♣♣♣.♣P.♣PP.P..PP.P. ♣#
♣♣♣♣♣♣♣.P.PPP..##


You could see Robin, a hobgoblin (strong) and 4 goblins.

Vanquished Creatures
  An adder (D:2)
  4 ball pythons (D:1)
  An endoplasm (D:1)
  6 goblins
  4 hobgoblins
  2 quokkas (D:1)
  2 bats (D:1)
  2 frilled lizards (D:1)
  A kobold (D:1)
23 creatures vanquished.

Vanquished Creatures (others)
  10 plants (D:2)
10 creatures vanquished.

Grand Total: 33 creatures vanquished

Notes
Turn   | Place    | Note
-------+----------+-------------------------------------------
     0 | D:1      | safid the Merfolk Ice Elementalist began the quest for the
                  | Orb.
     0 | D:1      | Reached XP level 1. HP: 13/13 MP: 3/3
   205 | D:1      | Reached XP level 2. HP: 16/20 MP: 3/5
   289 | D:1      | Reached skill level 1 in Fighting
   381 | D:1      | Found a faded altar of an unknown god.
  1000 | D:2      | Reached XP level 3. HP: 25/26 MP: 2/6
  1045 | D:2      | Noticed Robin
  1061 | D:2      | HP: 1/26 [goblin/+0 dagger[Robin] (4)]
  1062 | D:2      | Slain by a goblin

Illustrated notes

Levels and vault maps discovered:
D:1:      co_arrival_square_in_a_square_in_a_square, layout_basic,
          dreamdust_ecumenical_altar_sealed_demon,
          minmay_misc_feat_four_crosses, hangedman_decor_clover_reticule
D:2:      wad_woods_pond, layout_basic, serial_shops, nicolae_diamond_shop,
          uniq_robin

Skill      XL: |  1  2 |
---------------+-------+-----
Fighting       | 1 |  1.6
Dodging        | |  2.6
Stealth        | |  2.1
Spellcasting   | |  2.5
Ice Magic      | |  4.8

Action                   || total
-------------------------++-------
Melee: Short sword       ||    23
 Cast: Freeze            ||    26
  Use: Scroll            ||     1
 Stab: Sleeping          ||     1
Armor: Robe              ||    12
Dodge: Dodged            ||    43
